 Dungeon Crawl Stone Soup version 0.15.2 (webtiles) character file.

3040 hcnick the Gusty (level 9, -4/69 HPs)
             Began as a Demigod Air Elementalist on Nov 7, 2014.
             Slain by a two-headed ogre
             ... wielding a +0 giant club
              (17 damage)
             ... on Level 8 of the Dungeon.
             The game lasted 00:33:51 (9614 turns).

hcnick the Gusty (Demigod Air Elementalist)         Turns: 9614, Time: 00:33:51

HP  -4/69        AC  8     Str 14      XL: 9   Next: 31%
MP  23/23        EV 13     Int 22      God:
Gold 291         SH  0     Dex 19      Spells:  3 memorised, 11 levels left

rFire  . . .     SeeInvis .     p - +4 short sword
rCold  . . .     Clarity  .     q - +2 ring mail {MR+}
rNeg   . . .     rCorr    .     (no shield)
rPois  .         rRot     .     i - +0 helmet
rElec  .         Spirit   .     (no cloak)
SustAb .         Warding  .     (no gloves)
rMut   .         Stasis   .     (no boots)
Gourm  .                        (no amulet)
MR     +....                    (no ring)
                                u - +2 ring of dexterity

@: repel missiles, somewhat resistant to hostile enchantments, unstealthy
A: no striking features
a: no special abilities


You were on level 8 of the Dungeon.
You were not hungry.

You visited 1 branch of the dungeon, and saw 8 of its levels.

You collected 373 gold pieces.
You spent 82 gold pieces at shops.

Inventory:

Hand weapons
 f - a +0 dagger
 p - a +4 short sword (weapon)
 w - a +0 war axe
 E - a +1 dagger of holy wrath
 J - a +3 great sword
 K - a +1 hand axe
 N - a -2 spear
 R - a +3 dagger
Armour
 a - a +0 robe
 i - a +0 helmet (worn)
 m - a +0 leather armour
 q - a +2 ring mail of magic resistance (worn)
 s - a troll hide
 G - a +2 robe of resistance
Magical devices
 C - a wand of polymorph (11)
 H - a wand of magic darts (0)
 I - a wand of magic darts (12)
 M - a wand of teleportation (4)
Comestibles
 c - 9 bread rations
 d - 9 beef jerkies
 g - 5 meat rations
Scrolls
 j - a scroll of random uselessness {unknown}
 n - 3 scrolls of enchant weapon
 r - 5 scrolls of magic mapping
 t - 4 scrolls of remove curse
 v - a scroll of blinking {unknown}
 x - 5 scrolls of teleportation
 z - a scroll of noise {unknown}
 L - 2 scrolls of fog
 O - a scroll of fear {unknown}
Jewellery
 u - a +2 ring of dexterity (left hand)
 y - an uncursed ring of teleportation
Potions
 e - a potion of might {unknown}
 h - 2 potions of invisibility
 k - 2 potions of cancellation {unknown}
 l - 2 potions of agility
 o - a potion of magic {unknown}
 A - 3 potions of brilliance
 B - a potion of mutation {unknown}
 D - 3 potions of curing {unknown}
 F - 2 potions of poison {unknown}
Books
 b - a book of Air

   Spells                             Type                      Level
   *Shock                             Conjuration/Air              1
   *Swiftness                         Charms/Air                   2
   *Repel Missiles                    Charms/Air                   2
   Flight                             Charms/Air                   3
   Static Discharge                   Conjuration/Air              3
   Lightning Bolt                     Conjuration/Air              5
 P - Dur Pny's Tome of Earth
   (You found it on level 7 of the Dungeon)

   Spells                             Type                      Level
   Sandblast                          Earth                        1
   Stoneskin                          Transmutation/Earth          2
   Statue Form                        Transmutation/Earth          6


   Skills:
 - Level 3.0 Fighting
 + Level 2.2 Armour
 + Level 6.6 Dodging
 - Level 1.7 Stealth
 - Level 4.2 Spellcasting
 + Level 6.0 Conjurations
 + Level 6.7 Air Magic


You had 11 spell levels left.
You knew the following spells:

 Your Spells              Type           Power        Failure   Level  Hunger
a - Shock                 Conj/Air       ####         1%          1    None
b - Swiftness             Chrm/Air       ###.....     8%          2    #......
c - Repel Missiles        Chrm/Air       ###...       8%          2    #......


Dungeon Overview and Level Annotations

Branches:
Dungeon (8/15)             Temple (0/1) D:6
   Lair: D:8-11

Shops:
D:6 *


Message History

The zap hits the two-headed ogre.
The two-headed ogre is severely wounded.
The two-headed ogre hits you with a giant club!!
The two-headed ogre closely misses you.
Casting: Shock
Confirm with . or Enter, or press ? or * to list all spells.
Okay, then.
The two-headed ogre hits you with a giant club!!
* * * LOW HITPOINT WARNING * * *
The two-headed ogre hits you with a dire flail!
* * * LOW HITPOINT WARNING * * *
There is an open door here.
There is an open door here.
You see here a water moccasin skeleton.
There is an open door here.
There is an open door here.
There is an open door here.
There is a stone staircase leading up here.
The two-headed ogre hits you with a giant club!
You die...

#.......%..#.....#.....#
.
####+###'###..(..#.....
#.........#...<..##+###
##
#.........#..<........#.
+.
#.........+...........'.
#.
#.........#...........#.
#.
##........#####'#####'#
#. #........##.....# .
#. #...##...##.@...# #.
###+ ###'##O....# #.
#...'......+ +.
+...#......# #.
#...#......# #.
############ ##


You could see a two-headed ogre.

Vanquished Creatures
  The ghost of Zapata the Slicer, an average KoBe of Trog (D:3)
  Edmund (D:4)
  The ghost of ztt the Firebug, an average OpFE (D:4)
  3 water moccasins
  2 phantoms
  An ice beast (D:6)
  A necrophage (D:8)
  A sky beast (D:8)
  An ogre (D:7)
  2 centaurs
  A yellow wasp (D:7)
  Sigmund (D:5)
  3 giant frogs
  A scorpion (D:6)
  4 jellies
  A hippogriff zombie (D:6)
  4 wights (D:6)
  A hippogriff skeleton (D:5)
  2 giant frog zombies
  3 orc priests (D:5)
  2 crimson imps
  An orc wizard (D:5)
  A hound (D:5)
  A giant frog skeleton (D:7)
  4 iguanas
  4 worker ants
  5 adders
  10 gnolls
  A gnoll zombie (D:7)
  A shadow imp (D:6)
  3 giant mites
  2 worms
  3 giant geckos
  11 orcs
  3 ball pythons
  A bat zombie (D:5)
  6 giant cockroaches
  15 goblins
  8 hobgoblins
  8 jackals
  3 quokkas
  7 bats
  9 giant newts
  A gnoll skeleton (D:6)
  A goblin zombie (D:5)
  A hobgoblin zombie (D:7)
  11 kobolds
  A quokka skeleton (D:8)
  9 rats
  A rat skeleton (D:6)
  A rat zombie (D:7)
170 creatures vanquished.

Notes
Turn   | Place    | Note
--------------------------------------------------------------
     0 | D:1      | hcnick, the Demigod Air Elementalist, began the quest for the Orb.
     0 | D:1      | Reached XP level 1. HP: 14/14 MP: 3/3
   384 | D:1      | Reached skill level 1 in Conjurations
   675 | D:1      | Reached XP level 2. HP: 14/20 MP: 1/4
   876 | D:1      | Reached skill level 3 in Air Magic
   895 | D:1      | Learned a level 2 spell: Swiftness
  1437 | D:2      | Reached XP level 3. HP: 23/26 MP: 3/7
  2469 | D:3      | Reached XP level 4. HP: 33/33 MP: 5/10
  2518 | D:3      | Noticed Zapata's ghost (average KoBe)
  2563 | D:3      | Killed Zapata's ghost
  2563 | D:3      | Reached XP level 5. HP: 26/38 MP: 2/13
  2696 | D:3      | Noticed a dwarf
  2696 | D:3      | a worm changed into a dwarf
  2891 | D:3      | Noticed a centaur
  3322 | D:3      | Killed a centaur
  3322 | D:3      | Reached skill level 4 in Air Magic
  3322 | D:3      | Reached XP level 6. HP: 42/45 MP: 5/16
  3345 | D:3      | Learned a level 2 spell: Repel Missiles
  3733 | D:4      | Noticed Edmund
  3746 | D:4      | Noticed ztt's ghost (average OpFE)
  4539 | D:4      | Killed ztt's ghost
  4619 | D:4      | Killed Edmund
  4619 | D:4      | Reached XP level 7. HP: 11/50 MP: 0/19
  4837 | D:5      | Entered Level 5 of the Dungeon
  5035 | D:5      | Noticed Sigmund
  5112 | D:5      | Killed Sigmund
  6044 | D:5      | Reached skill level 5 in Air Magic
  6535 | D:6      | Found a staircase to the Ecumenical Temple.
  6544 | D:5      | Reached XP level 8. HP: 43/57 MP: 14/21
  6644 | D:6      | Found Seaceysch's General Store.
  6696 | D:6      | Reached skill level 5 in Dodging
  6774 | D:6      | Reached skill level 1 in Fighting
  7395 | D:6      | Reached skill level 5 in Conjurations
  7577 | D:6      | Bought a scroll of magic mapping for 38 gold pieces
  7577 | D:6      | Bought a scroll of fog for 22 gold pieces
  7577 | D:6      | Bought a scroll of fog for 22 gold pieces
  7611 | D:6      | Reached skill level 6 in Air Magic
  7921 | D:7      | Identified Dur Pny's Tome of Earth
  8631 | D:7      | Reached XP level 9. HP: 60/69 MP: 18/23
  8760 | D:7      | Reached skill level 1 in Armour
  9614 | D:8      | Slain by a two-headed ogre

Action                   |  1- 3 |  4- 6 |  7- 9 || total
-------------------------+-------+-------+-------++-------
Melee: Dagger            |    96 |    39 |     4 ||   139
       War axe           |     5 |    23 |       ||    28
       Short sword       |       |       |   103 ||   103
       Great sword       |       |       |     3 ||     3
 Cast: Shock             |    63 |    69 |   333 ||   465
       Swiftness         |       |     2 |       ||     2
       Repel Missiles    |       |     1 |     1 ||     2
Evoke: Wand              |       |     1 |     1 ||     2
  Use: Scroll            |     1 |       |     8 ||     9
       Potion            |       |     1 |       ||     1
 Stab: Sleeping          |     1 |     2 |     1 ||     4
       Distracted        |       |     1 |       ||     1
  Eat: Chunk             |     5 |     5 |    12 ||    22
       Fruit             |       |     2 |     3 ||     5
       Pizza             |       |       |     1 ||     1
